 Dungeon Crawl Stone Soup version 0.21.1-1-g345015fe64 (webtiles) character file.

231 LevaFresel the Skirmisher (level 6, -8/48 HPs)
             Began as a Human Fighter on June 15, 2018.
             Killed by nerve-wracking pain
             ... invoked by an orc priest
              (9 damage)
             ... on level 4 of the Dungeon.
             The game lasted 00:13:12 (2999 turns).

LevaFresel the Skirmisher (Human Fighter)           Turns: 2999, Time: 00:13:12

Health: -8/48      AC:  9    Str: 19    XL:     6   Next: 24%
Magic:  6/6        EV: 11    Int:  8    God:
Gold:   129        SH: 10    Dex: 17    Spells: 5/5 levels left

rFire    . . .     SeeInvis .   a - +0 war axe
rCold    . . .     Gourm    .   c - +0 shield
rNeg     . . .     Faith    .   k - +0 chain mail
rPois    .         Spirit   .   (no helmet)
rElec    .         Reflect  .   (no cloak)
rCorr    .         Harm     .   (no gloves)
MR       .....                  (no boots)
Stlth    ..........             (no amulet)
HPRegen  0.16/turn              (no ring)
MPRegen  0.10/turn              (no ring)

@: agile, lethally poisoned (-8 -> -10), very slightly contaminated, invisible
A: no striking features
a: no special abilities


You were on level 4 of the Dungeon.
You were not hungry.

You visited 1 branch of the dungeon, and saw 4 of its levels.

You collected 129 gold pieces.

Inventory:

Hand Weapons
 a - a +0 war axe (weapon)
Missiles
 l - 22 poisoned needles (quivered)
Armour
 c - a +0 shield (worn)
 k - a +0 chain mail (worn)
Scrolls
 e - 3 scrolls of identify
 h - a scroll of random uselessness {unknown}
 n - a scroll of enchant armour {unknown}
 o - a scroll of teleportation {unknown}
Potions
 d - a potion of might
 f - a potion of agility
 g - 5 potions of lignification
Books
 m - a book of Flames

   Spells                             Type                      Level
   a - Flame Tongue                   Conjuration/Fire             1
   b - Throw Flame                    Conjuration/Fire             2
   c - Conjure Flame                  Conjuration/Fire             3
   d - Inner Flame                    Hexes/Fire                   3
   e - Sticky Flame                   Conjuration/Fire             4
   f - Fireball                       Conjuration/Fire             5
Comestibles
 q - a ration


   Skills:
 + Level 3.8 Fighting
 * Level 3.8 Axes
 + Level 3.8 Armour
 + Level 1.8 Dodging
 + Level 3.8 Shields


You had 5 spell levels left.
You didn't know any spells.

Dungeon Overview and Level Annotations

Branches:
Dungeon (4/15)
 Temple: D:4-7

Altars:
Fedhas

Annotations:
D:3 zuik's ghost, amateur GrFi


Message History

The orc priest closely misses you.
You closely miss the orc priest.
The orc priest is heavily wounded.
You closely miss the orc.
* * * LOW HITPOINT WARNING * * *
You feel sick. The orc closely misses you. The orc priest closely misses you.
You closely miss the orc priest.
The orc priest is heavily wounded.
You slash the orc!
You kill the orc!
The orc priest closely misses you.
You barely miss the orc priest.
The orc priest is heavily wounded.
You strike the helpless orc from behind!
You slash the orc!
You kill the orc!
You block the orc priest's attack.
The orc priest mumbles some strange prayers to Beogh against you.
Pain shoots through your body!
You die...

#.# #.# ...
#.# #.# #.#
##.#######
#$..)@o..#
#..#####.#
##?.#####.#
#.....o.o.#
#..#.).#..#
............+
####.........#
#..#...#.##
#........#


You could see an orc priest.

Vanquished Creatures
  2 hounds
  6 adders
  4 worms
  5 dart slugs
  7 leopard geckos
  4 orcs
  2 ball pythons
  8 bats
  5 giant cockroaches
  10 goblins
  5 hobgoblins
  6 jackals
  8 kobolds
  A quokka (D:3)
  4 frilled lizards
  9 rats
86 creatures vanquished.

Notes
Turn   | Place    | Note
-------+----------+-------------------------------------------
     0 | D:1      | LevaFresel the Human Fighter began the quest for the Orb.
     0 | D:1      | Reached XP level 1. HP: 18/18 MP: 1/1
   164 | D:1      | Reached XP level 2. HP: 24/24 MP: 2/2
   514 | D:1      | Reached XP level 3. HP: 14/29 MP: 3/3
  1185 | D:2      | Reached skill level 1 in Dodging
  1185 | D:2      | Reached XP level 4. HP: 21/35 MP: 4/4
  1463 | D:2      | Reached XP level 5. HP: 37/41 MP: 5/5
  2083 | D:3      | Noticed zuik's ghost (amateur GrFi)
  2494 | D:3      | Reached XP level 6. HP: 48/48 MP: 6/6
  2746 | D:3      | Found a blossoming altar of Fedhas.
  2993 | D:4      | HP: 2/48 [orc/hand axe (1)]
  2999 | D:4      | Killed from afar by an orc priest

Skill      XL: |  1  2  3  4 |
---------------+-------------+-----
Dodging        | 1 |  1.8
Axes           | 3 |  3.8
Fighting       | |  3.8
Armour         | |  3.8
Shields        | |  3.8

Action                   |  1- 3 |  4- 6 || total
-------------------------+-------+-------++-------
Melee: War axe           |    95 |   217 ||   312
  Use: Potion            |       |     3 ||     3
       Scroll            |       |     2 ||     2
 Stab: Invisible         |       |     1 ||     1
  Eat: Ration            |       |     2 ||     2
       Chunk             |       |     1 ||     1
Armor: Scale mail        |    57 |   105 ||   162
       Chain mail        |       |     9 ||     9
Dodge: Dodged            |    34 |    83 ||   117
Block: Shield            |    59 |   127 ||   186
